 Dungeon Crawl Stone Soup version 0.19-a0-276-g3ff07cd (webtiles) character file.

271 Ordine the Changer (level 6, 0/38 HPs)
             Began as an Octopode Transmuter on May 26, 2016.
             Slain by a gnoll
             ... wielding a +0 flail
              (8 damage)
             ... on level 3 of the Dungeon.
             The game lasted 00:08:42 (3074 turns).

Ordine the Changer (Octopode Transmuter)            Turns: 3074, Time: 00:08:42

Health: 0/38       AC:  2    Str:  9    XL:     6   Next: 23%
Magic:  0/9        EV: 19    Int: 18    God:
Gold:   108        SH:  0    Dex: 17    Spells: 3 memorised, 0 levels left

rFire  . . .     SeeInvis .       - Unarmed
rCold  . . .     Gourm    .     (shield currently unavailable)
rNeg   . . .     Faith    .     (helmet currently unavailable)
rPois  x         Spirit   .     (no amulet)
rElec  .         Dismiss  .     k - ring of teleportation (curse)
rCorr  .         Reflect  .     (no ring)
SustAt .         Harm     .     (no ring)
MR     .....     Rnd*Tele +     (no ring)
Stlth  ++........               (no ring)
                                (no ring)
                                (no ring)
                                (no ring)

@: spider-form, very slightly contaminated, not resistant to hostile
enchantments, unstealthy
A: almost no armour, (amphibious), 8 rings, (constrict 8), (camouflage 0),
(gelatinous body 0)
a: End Transformation


You were on level 3 of the Dungeon.
You were not hungry.
You were a venomous arachnid creature.
You visited 1 branch of the dungeon, and saw 3 of its levels.

You collected 108 gold pieces.

Inventory:

Missiles
 e - 109 stones (quivered)
Jewellery
 k - a cursed ring of teleportation (left front leg)
Potions
 d - a potion of curing {unknown}
 f - a potion of haste
 h - a potion of heal wounds
 i - a potion of ambrosia {unknown}
Books
 b - a book of Changes

   Spells                             Type                      Level
   a - Beastly Appendage              Transmutation                1
   b - Sticks to Snakes               Transmutation                2
   c - Spider Form                    Transmutation/Poison         3
   d - Ice Form                       Ice/Transmutation            4
   e - Blade Hands                    Transmutation                5
Comestibles
 a - 4 fruits
 c - 3 bread rations
 g - a chunk of flesh
 j - a meat ration


   Skills:
 - Level 1.0 Fighting
 - Level 2.0 Dodging
 + Level 4.3 Unarmed Combat
 - Level 2.0 Spellcasting
 * Level 5.5 Transmutations


You couldn't memorise any spells.
You knew the following spells:

 Your Spells              Type           Power        Failure   Level  Hunger
a - Beastly Appendage     Tmut           ###...       8%          1    #......
b - Spider Form           Tmut/Pois      ##........   41%         3    ###....
c - Blade Hands           Tmut           ###.......   75%         5    ######.


Dungeon Overview and Level Annotations

Branches:
Dungeon (3/15)

Altars:
Qazlal
Ukayaw

Annotations:
D:3 Natasha


Innate Abilities, Weirdness & Mutations

You cannot wear most types of armour.
((You are amphibious.))
You can wear up to eight rings at the same time.
((You can use your tentacles to constrict eight enemies at once.))
((Your skin changes colour to match your surroundings (Stealth+).))
((Your rubbery body absorbs attacks. (AC +1)))


Message History

The gnoll is heavily wounded.
You constrict the gnoll.
You feel sick. The gnoll barely misses you.
You tentacle-slap the gnoll.
The gnoll is severely wounded.
You constrict the gnoll. You tentacle-slap the gnoll.
The gnoll is almost dead.
You constrict the gnoll.
You kill the gnoll!
The gnoll hits you with a flail!
* * * LOW HITPOINT WARNING * * *
You feel sick.
You are no longer poisoned.
Casting: Spider Form
Confirm with . or Enter, or press ? or * to list all spells.
You turn into a venomous arachnid creature.
You hit the gnoll.
The gnoll is poisoned.
The gnoll is moderately wounded.
The gnoll hits you with a flail!
You die...

.##.................(†.'.........
.##########......).(.###.........
.# ######'##'#......g####' .#
#.##.##.####.# #. #.##.#.....#.#
#. #)##.#..#..#.# #.
#g##......##.# #. #g####..#....#
#. #s####..#)#..# #.
#######..)....#)#..# #.
#........####.#.#..# #.
#........####.#.########
#........##.............
#........##.#.#.########
##..).....##.#.#.##......
#....)....##.#.#.........
######.........##.#.####).....


You could see 2 gnolls.

Vanquished Creatures
  An orc priest (D:3)
  An orc wizard (D:3)
  8 gnolls (D:3)
  6 adders
  3 worms
  A dart slug (D:2)
  7 orcs (D:3)
  4 giant cockroaches
  10 goblins
  5 hobgoblins
  2 quokkas
  A ball python (D:3)
  7 bats
  5 giant newts
  10 kobolds
  3 rats
74 creatures vanquished.

Notes
Turn   | Place    | Note
--------------------------------------------------------------
     0 | D:1      | Ordine the Octopode Transmuter began the quest for the Orb.
     0 | D:1      | Reached XP level 1. HP: 13/13 MP: 3/3
    78 | D:1      | Reached XP level 2. HP: 5/18 MP: 3/5
   825 | D:2      | Found a hide-covered altar to Ukayaw.
   846 | D:2      | Reached skill level 3 in Transmutations
   846 | D:2      | Reached XP level 3. HP: 20/23 MP: 4/6
   861 | D:2      | Learned a level 3 spell: Spider Form
  1285 | D:2      | Found a stormy altar of Qazlal.
  1399 | D:2      | Reached XP level 4. HP: 28/28 MP: 7/7
  1564 | D:3      | Found a faded altar to an unknown god.
  1955 | D:3      | Noticed Natasha
  1974 | D:3      | Reached skill level 4 in Transmutations
  2016 | D:3      | Reached XP level 5. HP: 23/33 MP: 2/8
  2417 | D:3      | Reached skill level 5 in Transmutations
  2759 | D:3      | Reached XP level 6. HP: 29/38 MP: 9/9
  2837 | D:3      | Learned a level 5 spell: Blade Hands
  3074 | D:3      | Slain by a gnoll

Vault maps used:
D:1:      minmay_arrival_open_corners
D:2:      lemuel_round_altar, lemuel_round_altar
D:3:      ecumenical_altar_1, kennysheep_generic_room_12, uniq_natasha

Skill      XL: |  1  2  3  4  5 |
---------------+----------------+-----
Transmutations | 3 4 5 |  5.5
Unarmed Combat | 4 |  4.3
Fighting       | |  1.0
Dodging        | |  2.0
Spellcasting   | |  2.0

Action                   |  1- 3 |  4- 6 || total
-------------------------+-------+-------++-------
Melee: Unarmed           |    72 |   115 ||   187
       Constrict         |    19 |    11 ||    30
       Tentacles         |     8 |     6 ||    14
       Kick              |     2 |     3 ||     5
       Punch             |     3 |     1 ||     4
 Cast: Beastly Appendage |     2 |     2 ||     4
       Spider Form       |     1 |     7 ||     8
  Use: Scroll            |     4 |     2 ||     6
       Potion            |       |     1 ||     1
 Stab: Sleeping          |     8 |     2 ||    10
       Distracted        |     1 |       ||     1
  Eat: Chunk             |     2 |     6 ||     8
Armor: Skin              |     8 |     5 ||    13
Dodge: Dodged            |    41 |    89 ||   130
